Map: [ESL] Hard Lead

Players

Lambo - Winner!

  • Race: Zerg Zerg
  • Spawn Location: 11:00

PtitDrogo

  • Race: Protoss Protoss
  • Spawn Location: 5:00

Event: HomeStory Cup XXIV

VOD

Have the link to the VOD?

Description

Time

  • Played on: Dec. 1, 2023, 12:18 p.m.
  • Length: 11:04

All games in this series

Show
View Real Time Build Order
Export as new Build Order

Lambo Zerg - Winner!

Build Orders: Hatch First 

Get SALT Encoding   

  12  0:00  Drone  
  13  0:12  Overlord  
  13  0:17  Drone  
  14  0:30  Drone x2  
  16  0:41  Drone  
  17  0:51  Hatchery  
  17  0:54  Drone  
  17  0:58  Drone  
  18  1:09  Extractor  
  17  1:13  Spawning Pool  
  17  1:16  Drone  
  17  1:19  Drone  
  18  1:28  Drone  
  19  1:38  Drone  
  20  1:49  Overlord  
  20  1:59  Queen  
  22  2:02  Queen  
  22  2:03  Drone  
  22  2:04  Zergling x2  
  22  2:08  Metabolic Boost  
  26  2:11  Zergling x2  
  26  2:14  Drone  
  28  2:21  Drone  
  29  2:26  Drone  
  30  2:35  Hatchery  
  30  2:37  Drone  
  30  2:43  Drone  
  31  2:46  Queen  
  31  2:50  Overlord  
  33  2:53  Drone  
  34  3:02  Drone  
  34  3:03  Zergling x2  
  36  3:07  Overlord  
  36  3:08  Queen  
  38  3:13  Zergling x6  
  38  3:15  Drone  
  38  3:17  Drone  
  43  3:20  Drone  
  43  3:27  Drone x2  
  46  3:29  Drone  
  46  3:30  Queen  
  49  3:38  Roach Warren  
  49  3:40  Drone x2  
  50  3:43  Drone  
  50  3:44  Drone  
  50  3:47  Overlord  
  52  3:55  Drone x4  
  52  3:59  Queen  
  58  4:05  Overlord  
  58  4:06  Overlord  
  58  4:10  Drone  
  58  4:11  Drone  
  58  4:16  Spore Crawler  
  59  4:18  Spore Crawler  
  59  4:19  Spore Crawler, Drone  
  59  4:22  Zergling x4  
  60  4:25  Drone x2  
  62  4:31  Overlord  
  62  4:32  Drone x2  
  64  4:41  Drone  
  64  4:42  Drone x2  
  64  4:45  Roach x4  
  79  4:53  Roach x2  
  79  4:55  Drone x4  
  79  4:56  Extractor  
  82  5:00  Overlord  
  82  5:04  Overlord  
  80  5:10  Drone x8  
  80  5:17  Lair, Drone x2  
  80  5:20  Drone  
  83  5:22  Extractor  
  83  5:28  Roach x2  
  86  5:31  Drone x6  
  86  5:34  Extractor  
  91  5:36  Drone  
  92  5:43  Roach x2, Extractor  
  92  5:44  Extractor, Evolution Chamber  
  92  5:49  Roach x2  
  97  5:50  Drone  
  98  5:58  Overlord  
  98  5:59  Overlord x2  
  98  6:03  Overlord  
  98  6:04  Overlord  
  98  6:06  Overlord  
  98  6:07  Overlord  
  98  6:08  Overlord  
  98  6:11  Overlord x2  
  98  6:15  Queen, Overlord  
  98  6:16  Queen  
  98  6:17  Queen  
  98  6:18  Glial Reconstitution  
  102  6:19  Zerg Missile Weapons Level 1  
  102  6:21  Overlord  
  102  6:25  Ravager  
  102  6:26  Overlord  
  102  6:29  Drone x3  
  106  6:33  Spire, Drone  
  106  6:36  Roach x2  
  110  6:45  Roach x4  
  118  6:50  Baneling Nest, Drone  
  118  6:51  Drone  
  119  6:56  Roach x3  
  119  6:58  Overseer  
  122  7:06  Zergling x2  
  122  7:07  Zergling x12  
  129  7:24  Roach x4  
  129  7:29  Roach x3  
  142  7:32  Roach x5  
  142  7:34  Overseer  
  152  7:37  Hatchery  
  152  7:41  Roach  
  152  7:42  Roach x3  
  159  7:48  Centrifugal Hooks  
  159  7:58  Drone  
  160  7:59  Drone  
  160  8:07  Roach x5  
  170  8:13  Zergling x20, Zerg Melee Weapons Level 1  
  170  8:19  Zergling x2  
  181  8:20  Ravager x2  
  181  8:25  Zergling x4  
  185  8:30  Zergling x2  
  186  8:35  Overlord  
  186  8:36  Overlord  
  186  8:37  Overlord  
  186  8:40  Overlord  
  186  8:42  Overlord  
  186  8:44  Overlord  
  186  8:45  Overlord  
  185  8:53  Overseer  
  185  8:54  Zergling x16  
  193  8:56  Baneling  
  193  8:57  Baneling x33  
  193  8:59  Baneling  
  193  9:00  Baneling x3  
  193  9:03  Zergling x6, Ravager  
  197  9:10  Zergling x6  
  197  9:16  Zergling x10  
  175  9:24  Zergling x2  
  175  9:25  Zergling x20  
  175  9:29  Roach  
  170  9:31  Roach  
  170  9:35  Roach  
  156  9:38  Roach  
  156  9:39  Roach x4  
  160  9:45  Roach x2  
  160  9:48  Roach x7  
  154  9:53  Roach x3  
  154  9:56  Roach x2  
  154  9:59  Roach  
  155  10:02  Roach  
  155  10:03  Roach  
  155  10:07  Roach  
  151  10:10  Zergling x2  
  151  10:13  Zergling x4  
  154  10:15  Ravager  
  154  10:16  Ravager  
  154  10:17  Ravager x3  
  154  10:18  Zergling x4  
  154  10:19  Ravager x2  
  163  10:22  Zergling x14  
  170  10:30  Zergling x6  
  170  10:32  Roach  
  162  10:36  Roach  
  162  10:38  Baneling x10  
  162  10:41  Roach x2  
Show
View Real Time Build Order
Export as new Build Order

PtitDrogo Protoss 

Build Orders: 1 Gate Expand, Archon Immortal, Archon Drop, Dark Templar Rush 

Get SALT Encoding   

  12  0:00  Probe  
  13  0:12  Probe  
  14  0:20  Pylon  
  14  0:24  Probe  
  15  0:38  Probe (Chrono Boost)  
  15  0:42  Gateway  
  16  0:48  Probe (Chrono Boost)  
  17  0:53  Assimilator, Probe (Chrono Boost)  
  18  1:04  Probe  
  19  1:16  Probe  
  20  1:26  Nexus  
  20  1:37  Cybernetics Core  
  20  1:39  Probe  
  21  1:46  Assimilator  
  21  1:52  Probe  
  21  1:54  Pylon  
  22  2:04  Probe  
  23  2:10  Adept (Chrono Boost)  
  23  2:13  Warp Gate  
  25  2:16  Probe  
  26  2:26  Twilight Council  
  26  2:29  Probe (Chrono Boost)  
  27  2:32  Adept  
  29  2:38  Probe (Chrono Boost)  
  29  2:43  Probe (Chrono Boost)  
  31  2:48  Probe (Chrono Boost)  
  31  2:50  Robotics Facility  
  33  2:52  Probe (Chrono Boost)  
  33  2:55  Probe (Chrono Boost)  
  34  3:02  Probe  
  34  3:04  Probe  
  36  3:12  Gateway  
  36  3:15  Probe  
  36  3:16  Probe  
  36  3:19  Dark Shrine  
  39  3:29  Gateway  
  39  3:32  Gateway  
  40  3:36  Warp Prism (Chrono Boost)  
  40  3:41  Probe  
  41  3:43  Probe  
  42  3:49  Assimilator  
  42  3:51  Assimilator  
  42  3:53  Probe  
  42  3:55  Probe  
  44  3:57  Pylon  
  44  4:02  Pylon  
  44  4:06  Probe  
  44  4:07  Probe  
  46  4:18  Probe  
  46  4:19  Probe  
  48  4:32  Dark Templar x3  
  48  4:33  Dark Templar  
  48  4:36  Pylon  
  48  4:37  Archon  
  56  4:43  Archon  
  56  4:47  Nexus  
  56  4:48  Probe x2  
  56  4:52  Observer  
  59  5:05  Dark Templar  
  59  5:06  Dark Templar  
  63  5:07  Zealot x2  
  63  5:15  Probe x2  
  63  5:20  Immortal (Chrono Boost)  
  69  5:28  Probe  
  69  5:31  Nexus  
  69  5:33  Archon  
  70  5:37  Shield Battery  
  70  5:39  Pylon x2  
  70  5:54  Immortal (Chrono Boost)  
  70  5:55  Forge, Charge  
  70  5:57  Stalker, Probe x2  
  70  6:02  Sentry x2  
  82  6:09  Probe (Chrono Boost)  
  83  6:17  Probe (Chrono Boost)  
  84  6:21  Probe (Chrono Boost)  
  85  6:27  Pylon  
  85  6:28  Probe (Chrono Boost)  
  85  6:32  Gateway  
  86  6:34  Protoss Ground Weapons Level 1 (Chrono Boost)  
  86  6:35  Gateway  
  86  6:40  Immortal (Chrono Boost)  
  86  6:44  Probe (Chrono Boost)  
  93  6:47  Probe x2 (Chrono Boost)  
  93  6:49  Stargate  
  93  6:53  Probe (Chrono Boost)  
  94  6:57  Probe x2 (Chrono Boost)  
  96  7:01  Probe (Chrono Boost)  
  96  7:04  Pylon  
  96  7:06  Assimilator  
  96  7:08  Assimilator, Templar Archives  
  99  7:09  Probe x2 (Chrono Boost)  
  99  7:11  Immortal (Chrono Boost)  
  99  7:13  Probe (Chrono Boost)  
  107  7:23  Probe x3 (Chrono Boost)  
  107  7:28  Photon Cannon  
  107  7:30  Probe  
  107  7:35  Phoenix  
  107  7:36  Psionic Storm  
  110  7:43  Gateway  
  110  7:47  Gateway  
  110  7:49  High Templar x2  
  114  7:51  Pylon, Gateway  
  114  7:59  Nexus  
  114  8:02  Pylon  
  114  8:05  Probe x2  
  116  8:08  Pylon, Photon Cannon  
  116  8:09  Pylon  
  116  8:10  Immortal (Chrono Boost)  
  120  8:17  High Templar x2  
  124  8:21  Probe  
  124  8:23  Probe  
  124  8:24  Photon Cannon  
  124  8:26  Shield Battery  
  126  8:34  Protoss Ground Weapons Level 2 (Chrono Boost)  
  126  8:42  Immortal  
  126  8:44  High Templar x2  
  134  8:49  Gateway  
  132  8:56  Zealot x7  
  146  9:03  Probe  
  146  9:07  Gateway  
  146  9:08  Gateway  
  146  9:09  Probe  
  129  9:25  Archon x2  
  129  9:28  Zealot x2  
  129  9:29  Zealot x7  
  133  9:31  Archon  
  133  9:37  Nexus  
  105  9:55  Zealot x6  
  105  9:56  Zealot x3  
  107  10:01  Immortal (Chrono Boost)  
  107  10:15  Photon Cannon  
  107  10:16  High Templar x8  
  107  10:17  High Templar, Shield Battery  
  107  10:18  Zealot  
  107  10:20  Archon x3  
  107  10:21  Archon  
  116  10:44  Zealot  
  98  10:50  Zealot x3  
  98  10:51  Zealot x6  
Tags
 
Add a new tag
Caveats
  • Supply blocks, unpowered buildings, or Contaminate may cause inaccurate times.
  • Supply counts are checked every 10 seconds.